cohdb
Replays
Latest Replays
All Replays
Popular Replays
Top Player Replays
Match Explorer
How It Works
Community
CoH3 Stats
Reddit
Sign in to upload your games and track your stats! →
Sign in with Steam
Match 42997884
Unlisted
Match 42997884
Overview
Messages
Build Orders
End
Scout Squad
Construct Barracks
Riflemen Squad
1⁄4-ton 4x4 Truck
Riflemen Squad
Construct Weapon Support Center
Infantry Support Center
Riflemen Squad
Selects Heavy Weapons
Selects Heavy Weapons
Selects Assault Carriers
Selects Exchangeable Parts
M3 Assault Carrier
Construct Medical Station
Grenade Package
M3 Assault Carrier
Engineer Squad
M3 Assault Carrier
Selects M2HB .50cal Heavy Machine Gun
M1919 Machine Gun Team
M1918 Browning Automatic Rifles
TheKat
desertBeliever
0
0
Comments
sign in to comment!
No comments posted yet!